 Dungeon Crawl Stone Soup version 0.31-a0-1499-ge0622b2318 (webtiles) character file.

Game seed: 4682514075145522279

1932 IdlyInterested the Fighter (level 8, -7/72 HPs)
             Began as a Demonspawn Fighter on Dec 29, 2023.
             Mangled by a komodo dragon (22 damage)
             ... on level 8 of the Dungeon.
             The game lasted 00:17:42 (7323 turns).

IdlyInterested the Fighter (Demonspawn Fighter)     Turns: 7323, Time: 00:17:42

Health: -7/72      AC: 12    Str: 17      XL:     8   Next: 97%
Magic:  8/8        EV:  9    Int:  8 (9)  God:
Gold:   538        SH:  0    Dex: 13 (14) Spells: 7/7 levels left

rFire   . .          .
                       - Unarmed
rCold   . . .        (no shield)
rNeg    . . .        u - +0 chain mail
rPois   .            N - +0 helmet
rElec   .            y - +0 cloak
rCorr   +            r - +0 pair of gloves
SInv    +            (no boots)
Will    .....        (no amulet) Stlth
                     t - ring of resist corrosion
HPRegen 0.32/turn    J - ring of see invisible
MPRegen 0.11/turn

%: no passive effects
@: no status effects
A: repulsion field 1, demonic touch 1
a: no special abilities


You were on level 8 of the Dungeon.
You visited 2 branches of the dungeon, and saw 9 of its levels.

You collected 538 gold pieces.

Inventory:

Hand Weapons
 a - a +0 long sword
 c - a +0 war axe
 e - a +2 whip of freezing
 m - a +0 hand axe
 x - a +1 flail of draining
 A - a +4 spear
 B - a +0 rapier
 D - a +0 morningstar
Missiles
 h - 44 stones (quivered)
 v - 12 poisoned darts
 O - a boomerang
Armour
 r - a +0 pair of gloves (worn)
 u - a +0 chain mail (worn)
 y - a +0 cloak (worn)
 N - a +0 helmet (worn)
Jewellery
 o - an amulet of faith
 t - a ring of resist corrosion (left hand)
 J - a ring of see invisible (right hand)
Talismans
 b - a maw talisman
Wands
 z - a wand of paralysis (10)
 I - a wand of iceblast (8)
Scrolls
 f - a scroll of noise {unknown}
 i - 2 scrolls of fog
 j - 5 scrolls of teleportation
 k - 2 scrolls of blinking
 l - a scroll of immolation
 s - 3 scrolls of vulnerability
 w - a scroll of enchant weapon
 C - 2 scrolls of poison
 E - a scroll of fear {unknown}
 K - a scroll of silence {unknown}
Potions
 d - a potion of might
 g - a potion of invisibility {unknown}
 n - a potion of ambrosia
 p - 6 potions of curing
 q - 2 potions of heal wounds
 F - a potion of resistance {unknown}
 G - a potion of attraction
 H - a potion of lignification {unknown}
 L - 3 potions of enlightenment
 M - a potion of brilliance {unknown}


   Skills:
 - Level 10.0 Fighting
 - Level 2.0 Long Blades
 - Level 1.0 Throwing
 - Level 3.0 Armour
 - Level 1.0 Dodging
 - Level 1.0 Stealth
 - Level 2.6 Shields
 - Level 4.0 Unarmed Combat
 - Level 1.0 Evocations
 + Level 3.0 Shapeshifting


You had 7 spell levels left.
You didn't know any spells.
Your spell library contained the following spells:

 Spells                   Type           Power      Damage    Failure   Level
 Apportation              Tloc           0%         N/A       99%         1
 Slow                     Hex            0%         N/A       99%         1
 Jinxbite                 Hex            0%         N/A       100%        2
 Confusing Touch          Hex            0%         N/A       100%        3
 Hailstorm                Conj/Ice       0%         3d5       100%        3
 Sigil of Binding         Hex            0%         N/A       100%        3
 Summon Ice Beast         Ice/Summ       0%         N/A       100%        3
 Vampiric Draining        Necr           0%         2d6       100%        3
 Alistair's Intoxication  Alch           0%         N/A       100%        5
 Sculpt Simulacrum        Ice/Alch       0%         N/A       100%        6


Dungeon Overview and Level Annotations

Branches:
Dungeon (8/15)             Temple (1/1) D:5
   Lair: D:8-11

Altars:
Ashenzari
Dithmenos
Gozag
Hepliaklqana
Kikubaaqudgha
Makhleb
Nemelex Xobeh
Okawaru
Qazlal
Ru
Trog
Vehumet
Wu Jian

Shops:
D:6 *   D:7 ?


Innate Abilities, Weirdness & Mutations

You are surrounded by a mild repulsion field. (EV +2)
Your touch may inflict minor irresistible damage on your foes.


Message History

Aim: an orc, wielding a +0 trident and wearing a +0 leather armour (60% to hit)
You throw a stone. The stone hits the orc.
The orc is lightly wounded.
The orc hits you but does no damage.
You hit the orc but do no damage.
You touch the orc!
You kill the orc!
The orc hits you but does no damage.
Your Shapeshifting skill increases to level 3!
Throw: 46 stones
Press: ? - help, Q - select action, (/) - cycle Shift-Dir - straight line, f/p - orc
Aim: an orc, wielding a +0 trident and wearing a +0 leather armour (lightly wounded, 60% to hit)
You throw a stone. The stone hits the orc.
The orc is moderately wounded.
Throw: 45 stones
Press: ? - help, Q - select action, (/) - cycle Shift-Dir - straight line, f/p - orc
Aim: an orc, wielding a +0 trident and wearing a +0 leather armour (moderately wounded, 60% to hit)
You throw a stone.
The stone hits the komodo dragon but does no damage.
You hit the komodo dragon. Your touch misses the komodo dragon.
The komodo dragon is lightly wounded.
The komodo dragon bites you but does no damage.
You hit the komodo dragon.
The komodo dragon is lightly wounded.
The komodo dragon bites you!
You punch the komodo dragon!
The komodo dragon is moderately wounded.
You hit the komodo dragon.
The komodo dragon is moderately wounded.
The komodo dragon closely misses you.
You hit the komodo dragon.
The komodo dragon is heavily wounded.
The komodo dragon bites you.
You hit the komodo dragon.
The komodo dragon is heavily wounded.
The komodo dragon bites you!!
* * * LOW HITPOINT WARNING * * *
You hit the komodo dragon.
The komodo dragon is heavily wounded.
The komodo dragon bites you!!
You die...

) : ....... # .# #.
#.....#.##.#. #. #.....#
...#. . #.....# .5o ### .#
#.....# # #l###.# #.#
#.....#.##.##@#..##.##
#.....#.##...).....#.#
#.....#.##.#######.#.#.#
#####.#....# #....#
#.#....# #.##....#
#.#....# +.#####.#
#####.#....# #.#.#
#..........# #..##
#.###.##.†.#######.#.###.#


You could see a komodo dragon, a white imp and an orc.

Vanquished Creatures
  2 water moccasins
  An ice beast (D:5)
  A sky beast (D:7)
  An ogre (D:5)
  2 centaurs
  A phantom (D:5)
  A gnoll sergeant (D:7)
  5 scorpions
  A howler monkey (D:8)
  A bombardier beetle (D:3)
  4 hounds
  Crazy Yiuf (D:3)
  2 jellies (D:6)
  5 orc priests
  A sleepcap (D:6)
  Jessica (D:3)
  3 iguanas
  Terence (D:3)
  2 orc wizards
  8 adders
  4 gnolls (D:4)
  A ribbon worm (D:2)
  4 dart slugs
  21 orcs
  10 endoplasms
  3 giant cockroaches
  9 goblins
  9 hobgoblins
  9 jackals
  4 quokkas
  6 ball pythons
  7 bats
  2 frilled lizards (D:1)
  3 kobolds
  4 rats
140 creatures vanquished.

Notes
Turn   | Place    | Note
-------+----------+-------------------------------------------
     0 | D:1      | IdlyInterested the Demonspawn Fighter began the quest for
                  | the Orb.
     0 | D:1      | Reached XP level 1. HP: 18/18 MP: 1/1
    78 | D:1      | Gained mutation: Your touch may inflict minor irresistible
                  | damage on your foes. [demonic ancestry]
    78 | D:1      | Reached XP level 2. HP: 24/24 MP: 2/2
   538 | D:1      | Reached XP level 3. HP: 29/30 MP: 3/3
   781 | D:1      | Found a faded altar of an unknown god.
   830 | D:1      | Reached skill level 4 in Fighting
  1167 | D:2      | Reached skill level 1 in Unarmed Combat
  1167 | D:2      | Gained mutation: You are surrounded by a mild repulsion
                  | field. (EV +2) [demonic ancestry]
  1167 | D:2      | Reached XP level 4. HP: 32/38 MP: 4/4
  1868 | D:3      | Reached skill level 5 in Fighting
  1887 | D:3      | Reached XP level 5. HP: 44/44 MP: 5/5
  2094 | D:3      | Noticed Jessica
  2098 | D:3      | Killed Jessica
  2237 | D:3      | Noticed Terence
  2245 | D:3      | Killed Terence
  2390 | D:3      | Found a runed translucent door.
  2391 | D:3      | Noticed Crazy Yiuf
  2625 | D:3      | Killed Crazy Yiuf
  2801 | D:4      | Reached XP level 6. HP: 41/48 MP: 6/6
  2809 | D:4      | HP: 2/49 [gnoll/+0 whip (5)]
  3117 | D:4      | Reached skill level 6 in Fighting
  4379 | D:5      | Entered Level 5 of the Dungeon
  4429 | D:5      | Reached skill level 1 in Throwing
  4429 | D:5      | Reached XP level 7. HP: 41/59 MP: 7/7
  4520 | D:5      | Reached skill level 7 in Fighting
  4603 | D:5      | Reached skill level 1 in Dodging
  4617 | D:5      | Reached skill level 1 in Stealth
  4723 | D:5      | Reached skill level 8 in Fighting
  5103 | D:5      | Found a staircase to the Ecumenical Temple.
  5111 | Temple   | Entered the Ecumenical Temple
  5181 | D:5      | Reached XP level 8. HP: 63/69 MP: 8/8
  5845 | D:6      | Reached skill level 9 in Fighting
  5937 | D:6      | Found Ihubuvun's Neck Hole.
  6149 | D:6      | Found an ornate altar of the Wu Jian Council.
  6155 | D:6      | Reached skill level 1 in Evocations
  6348 | D:7      | Reached skill level 1 in Shapeshifting
  6657 | D:7      | Found an iron altar of Okawaru.
  6756 | D:7      | Found The Oracle's Delphic Readings.
  7068 | D:7      | Reached skill level 10 in Fighting
  7309 | D:8      | Noticed a komodo dragon
  7323 | D:8      | Mangled by a komodo dragon

Illustrated notes

Levels and vault maps discovered:
D:1:      dpeg_arrival_simpleton_b, layout_loops_ring,
          dilly_ecumenical_altar_fadedgnrine
D:2:      layout_loops_ring, minmay_fractal_squares_5
D:3:      layout_basic, uniq_crazy_yiuf_cottage, uniq_jessica, uniq_terence
D:4:      layout_layer_cave
D:5:      layout_loops_ring, minmay_temple_entry_enclosed_plants
D:6:      layout_rooms, mainiacjoe_overflow_surrounded_room,
          chequers_serial_rivers_small_3, nicolae_shop_sticking_my_neck_out
D:7:      layout_loops_ring, okawaru_gym_becter, nicolae_nh_oracle_at_delphi
D:8:      layout_basic, lair_entry_dummy, minmay_shattered_shrine
Temple:   nicolae_temple_superstar

Skill      XL: |  1  2  3  4  5  6  7  8 |
---------------+-------------------------+-----
Long Blades    | 2 |  2.0
Armour         | 3 |  3.0
Fighting       | 4 5 6 8 10 | 10.0
Unarmed Combat | 1 2 3 4 |  4.0
Throwing       | 1 |  1.0
Dodging        | 1 |  1.0
Stealth        | 1 |  1.0
Evocations     | 1 |  1.0
Shapeshifting  | 3 |  3.0
Shields        | |  2.6

Action                     |  1- 3 |  4- 6 |  7- 9 || total
---------------------------+-------+-------+-------++-------
  Melee: Long sword        |    97 |   144 |    35 ||   276
         Touch             |    11 |    32 |    47 ||    90
         Punch             |       |     4 |     7 ||    11
         Unarmed           |       |       |   188 ||   188
  Throw: Stone             |       |       |     5 ||     5
    Use: Scroll            |       |     6 |     1 ||     7
         Potion            |       |     2 |     4 ||     6
 Armour: Scale mail        |    94 |     5 |       ||    99
         Chain mail        |       |   159 |   234 ||   393
  Dodge: Dodged            |    38 |   106 |   127 ||   271
  Block: Buckler           |     5 |       |       ||     5

Table legend: (Time is in decaauts)
 A = Elapsed time spent in this place.
 B = Non-inter-level travel time spent in this place.
 C = Inter-level travel time spent in this place.
 D = Time resting spent in this place.
 E = Time spent auto-exploring this place.
 F = Levels seen in this place.
 G = Mean time per level.
                   A        B        C        D        E       F      G
               +--------+--------+--------+--------+--------+-----+--------+
         Total |   7377 |   6945 |    432 |    980 |   4440 |   9 |  819.7 |
       Dungeon |   7375 |   6943 |    432 |    980 |   4440 |   8 |  921.9 |
        Temple |      1 |      1 |      0 |      0 |      0 |   1 |    1.0 |
               +--------+--------+--------+--------+--------+-----+--------+

Top non-repeatable levels by time:
     D:4: 1630 daAuts
     D:5: 1179 daAuts
     D:1: 1014 daAuts
     D:3: 949 daAuts
     D:7: 909 daAuts
     D:2: 866 daAuts
     D:6: 744 daAuts
     D:8: 80 daAuts
  Temple: 1 daAuts
